Map: Bone Temple LE

Players

Throwfordays - Winner!

  • Race: Protoss Protoss
  • Spawn Location: 1:00

Breakfast - Winner!

  • Race: Terran Terran
  • Spawn Location: 12:00

Faust - Winner!

  • Race: Terran Terran
  • League: Diamond
  • Spawn Location: 3:00

VOD

Have the link to the VOD?

Description

Time

  • Played on: Oct. 8, 2020, 6:22 p.m.
  • Length: 13:00
Show
View Real Time Build Order
Export as new Build Order

Throwfordays Protoss - Winner!

Build Orders:  

Get SALT Encoding   

  12  0:01  Probe (Chrono Boost)  
  13  0:12  Probe (Chrono Boost)  
  14  0:26  Pylon  
  14  0:28  Probe (Chrono Boost)  
  15  0:53  Probe (Chrono Boost)  
  15  0:54  Forge  
  17  1:10  Probe (Chrono Boost)  
  17  1:57  Probe (Chrono Boost)  
  18  2:01  Pylon  
  18  2:08  Pylon  
  18  2:27  Photon Cannon  
  18  2:35  Photon Cannon  
  18  2:36  Photon Cannon  
  18  2:42  Photon Cannon  
  18  2:48  Photon Cannon  
  18  2:52  Photon Cannon  
  18  3:05  Photon Cannon  
  18  3:12  Photon Cannon  
  18  3:29  Pylon  
  18  4:07  Nexus  
  18  4:11  Assimilator  
  18  4:16  Assimilator  
  18  4:33  Probe (Chrono Boost)  
  18  4:36  Assimilator  
  19  4:43  Assimilator  
  19  4:48  Pylon, Probe (Chrono Boost)  
  20  4:59  Probe (Chrono Boost)  
  20  5:08  Gateway  
  21  5:10  Probe (Chrono Boost)  
  22  5:26  Probe (Chrono Boost)  
  23  5:43  Probe (Chrono Boost)  
  24  5:53  Probe (Chrono Boost)  
  26  6:00  Probe (Chrono Boost)  
  26  6:04  Probe (Chrono Boost)  
  27  6:14  Cybernetics Core  
  27  6:17  Probe (Chrono Boost)  
  27  6:18  Gateway, Probe (Chrono Boost)  
  29  6:21  Gateway  
  29  6:32  Probe (Chrono Boost)  
  29  6:35  Probe (Chrono Boost)  
  31  6:43  Probe (Chrono Boost)  
  33  6:52  Probe (Chrono Boost)  
  33  7:00  Gateway  
  33  7:07  Probe (Chrono Boost)  
  34  7:19  Protoss Ground Weapons Level 1  
  34  7:23  Probe  
  35  7:30  Probe  
  35  7:37  Pylon  
  36  7:40  Pylon, Probe  
  36  7:47  Probe  
  38  7:52  Nexus  
  38  7:57  Probe  
  39  8:04  Probe  
  40  8:10  Warp Gate (Chrono Boost)  
  40  8:14  Probe  
  41  8:24  Probe  
  42  8:31  Probe  
  43  8:40  Probe  
  44  8:51  Probe  
  44  8:57  Probe  
  46  9:08  Probe  
  47  9:16  Stalker x2  
  47  9:17  Stalker  
  47  9:18  Stalker  
  55  9:25  Probe x2  
  55  9:26  Pylon  
  57  9:42  Probe x2  
  59  9:51  Stalker x2  
  59  9:52  Stalker x2  
  59  9:59  Probe x2  
  69  10:16  Probe  
  70  10:33  Probe  
  71  10:41  Stalker x3  
  71  10:42  Stalker  
  79  10:51  Probe  
  79  10:58  Gateway  
  80  11:01  Gateway  
  80  11:03  Gateway  
  80  11:05  Pylon  
  80  11:08  Probe  
  79  11:25  Probe  
  80  11:33  Stalker  
  80  11:34  Stalker x3  
  88  11:41  Probe  
  87  11:58  Probe  
  88  12:23  Stalker  
  88  12:24  Stalker  
  92  12:37  Pylon  
  92  12:38  Pylon  
  92  12:40  Pylon  
  92  12:45  Pylon  
  92  12:49  Pylon  
  92  12:52  Pylon  
  92  12:55  Pylon  
  92  12:57  Pylon  
  92  12:59  Pylon  
Show
View Real Time Build Order
Export as new Build Order

Breakfast Terran - Winner!

Build Orders:  

Get SALT Encoding   

  12  0:01  SCV  
  13  0:19  SCV  
  14  0:37  SCV, Supply Depot  
  15  1:05  Supply Depot  
  15  1:10  SCV  
  15  1:17  Barracks  
  16  1:27  SCV  
  17  1:44  SCV  
  17  1:47  Barracks  
  18  2:01  SCV  
  19  2:18  SCV  
  20  2:35  SCV  
  21  2:42  Refinery  
  21  2:45  Refinery  
  21  2:48  Engineering Bay  
  21  2:52  SCV  
  21  2:53  Marine  
  21  2:55  Marine  
  24  3:13  SCV  
  24  3:15  Engineering Bay  
  24  3:18  Marine  
  26  3:20  Marine  
  26  3:29  SCV  
  28  3:43  Marine  
  28  3:45  Marine  
  30  3:57  Factory  
  30  4:08  Marine  
  31  4:17  Bunker  
  31  4:23  Terran Infantry Weapons Level 1  
  31  4:32  Barracks Tech Lab  
  31  4:46  Supply Depot  
  31  4:52  Terran Infantry Armor Level 1  
  31  5:16  Marine, SCV  
  31  5:18  Supply Depot  
  33  5:25  Armory  
  33  5:48  Stimpack  
  33  5:50  Supply Depot  
  33  5:53  Missile Turret  
  33  6:01  Marine x2  
  35  6:21  Supply Depot  
  35  6:23  Missile Turret  
  35  6:26  Marine  
  36  6:35  Marine  
  37  6:51  Marine  
  37  6:52  Starport  
  37  6:56  Missile Turret  
  38  7:24  Bunker  
  38  7:29  Missile Turret  
  38  7:49  Command Center  
  38  7:53  Viking  
  40  8:00  Marine x2  
  42  8:24  Supply Depot  
  42  8:25  Marine  
  43  8:38  Unknown  
  43  8:55  Supply Depot  
  43  9:08  Missile Turret  
  43  9:14  Terran Infantry Weapons Level 2  
  43  9:15  Terran Infantry Armor Level 2  
  43  9:38  Marine x2  
  43  9:39  Missile Turret  
  45  10:03  Marine x2  
  47  10:17  SCV  
  48  10:28  Marine x2  
  50  10:34  SCV  
  51  10:51  SCV  
  51  10:53  Marine x2  
  54  11:08  SCV  
  55  11:18  Marine x2  
  57  11:24  SCV  
  57  11:27  SCV  
  59  11:36  Viking  
  61  11:42  Marine  
  61  11:43  SCV  
  63  12:00  SCV  
  64  12:17  SCV  
  67  12:34  SCV  
Show
View Real Time Build Order
Export as new Build Order

Faust Terran - Winner!

Build Orders:  

Get SALT Encoding   

  12  0:01  SCV  
  13  0:24  Supply Depot  
  13  0:26  SCV  
  14  0:43  Refinery, SCV  
  15  1:00  Barracks  
  15  1:06  SCV  
  16  1:23  SCV  
  17  1:31  Supply Depot  
  11  1:40  SCV  
  17  1:46  Refinery  
  18  1:56  SCV  
  19  2:13  Factory  
  19  2:27  Orbital Command  
  19  2:36  Marine  
  20  3:03  SCV  
  20  3:09  Marine  
  22  3:17  Supply Depot  
  22  3:21  Armory  
  22  3:23  Factory Tech Lab  
  22  3:30  SCV  
  23  3:53  Cyclone  
  26  4:06  SCV  
  27  4:21  Command Center  
  27  4:26  Marine  
  28  4:33  SCV  
  29  4:43  Cyclone  
  32  4:51  Marine  
  33  5:17  SCV  
  34  5:21  Marine  
  34  5:28  Cyclone  
  38  5:35  Factory  
  38  5:39  Terran Vehicle Weapons Level 1  
  38  6:04  SCV  
  38  6:09  Orbital Command  
  39  6:13  Hellion  
  41  6:21  SCV  
  41  6:29  Marine  
  43  6:38  SCV, Factory Reactor  
  43  6:39  Supply Depot  
  44  6:45  Cyclone  
  47  6:51  SCV  
  47  6:55  SCV  
  49  7:08  SCV  
  50  7:12  SCV  
  51  7:22  Unknown  
  51  7:23  Marine  
  51  7:29  Hellion x2  
  46  7:30  SCV x2, Hellion  
  60  7:43  Supply Depot  
  60  7:46  SCV  
  60  7:47  SCV  
  62  7:58  Armory  
  62  8:06  Factory  
  62  8:12  Infernal Pre-Igniter  
  62  8:13  SCV x2, Hellion  
  62  8:16  Supply Depot  
  66  8:31  Hellion x2  
  70  8:48  Supply Depot  
  68  9:01  Hellion  
  68  9:02  Hellion  
  68  9:03  Cyclone  
  75  9:20  Hellion  
  77  9:31  Hellion  
  78  9:50  Hellion x2  
  78  9:55  Factory Tech Lab  
  82  10:02  SCV x2  
  82  10:07  Refinery  
  82  10:08  Refinery  
  82  10:19  SCV x2  
  84  10:29  Command Center  
  84  11:02  Cyclone  
  84  11:06  Cyclone  
  86  11:43  SCV  
  85  11:54  SCV  
  86  12:01  Supply Depot  
  86  12:09  Cyclone x2  
  92  12:14  SCV  
  92  12:19  SCV  
  94  12:27  Hellion x2  
  98  12:32  SCV  
  98  12:38  Supply Depot  
  98  12:39  Supply Depot  
  99  12:44  Supply Depot  
Tags
 
League
Diamond
Matchup
Co-op
Replay Pack
Multiplayer
Add a new tag
Caveats
  • Supply blocks, unpowered buildings, or Contaminate may cause inaccurate times.
  • Supply counts are checked every 10 seconds.